 Dungeon Crawl Stone Soup version 0.28.0 (webtiles) character file.

Game seed: 16804681192513488636

32 a3don the Shield-Bearer (level 3, 0/24 HPs)
             Began as a Gargoyle Fighter on Feb 8, 2022.
             Slain by a gnoll (2 damage)
             ... on level 2 of the Dungeon.
             The game lasted 00:00:41 (868 turns).

a3don the Shield-Bearer (Gargoyle Fighter)           Turns: 868, Time: 00:00:42

Health: 0/24       AC: 11    Str: 21    XL:     3   Next: 25%
Magic:  3/3        EV:  9    Int:  8    God:
Gold:   51         SH:  4    Dex:  9    Spells: 2/2 levels left

rFire   . . .      SeeInvis .   a - +0 flail
rCold   . . .      Faith    .   c - +0 buckler
rNeg    + . .      Spirit   .   b - +0 scale mail
rPois   ∞          Reflect  .   (no helmet)
rElec   +          Harm     .   (no cloak)
rCorr   .          Rampage  .   e - +0 pair of gloves
Will    .....                   (no boots)
Stlth   ..........              (no amulet)
HPRegen 0.08/turn               (no ring)
MPRegen 0.08/turn               (no ring)

@: no status effects
A: sickness immunity, AC +3, negative energy resistance 1, electricity
resistance, torment resistance 1, petrification resistance
a: no special abilities


You were on level 2 of the Dungeon.
You visited 1 branch of the dungeon, and saw 2 of its levels.

You collected 51 gold pieces.

Inventory:

Hand Weapons
 a - a +0 flail (weapon)
Armour
 b - a +0 scale mail (worn)
 c - a +0 buckler (worn)
 e - a +0 pair of gloves (worn)
Scrolls
 f - a scroll of torment {unknown}
Potions
 d - a potion of might


   Skills:
 + Level 3.7 Fighting
 + Level 2.4 Maces & Flails
 + Level 3.6 Armour
 + Level 3.7 Shields


You had 2 spell levels left.
You didn't know any spells.
Your spell library was empty.

Dungeon Overview and Level Annotations

Branches:
Dungeon (2/15)

Altars:


Innate Abilities, Weirdness & Mutations

You are immune to sickness and miasma.
Your stone body is resilient. (AC +3)
You are immune to poison.
You resist negative energy. (rN+)
You are resistant to electric shocks. (rElec)
You are resistant to unholy torment.
You are immune to petrification.


Message History

You sock the ball python!
You kill the ball python!
The gnoll hits you but does no damage.
Things that are here:
a +0 club; a ball python corpse; a goblin corpse An endoplasm comes into view.
The endoplasm quivers.
The gnoll completely misses you. You block the gnoll's attack.
You hit the gnoll.
The gnoll is moderately wounded.
The gnoll hits you from afar with a +0 halberd!
The gnoll hits you but does no damage. x3
You barely miss the gnoll.
The gnoll is moderately wounded.
The gnoll hits you but does no damage. The gnoll completely misses you.
You closely miss the gnoll.
The gnoll is moderately wounded.
The gnoll barely misses you. The gnoll hits you but does no damage.
The gnoll barely misses you.
Things that are here:
a +0 club; a ball python corpse; a goblin corpse You hit the gnoll.
The gnoll is heavily wounded.
You block the gnoll's attack. x2
You sock the gnoll!
You kill the gnoll!
The gnoll hits you from afar with a +0 halberd.
You have reached level 3!
Your experience leads to an increase in your attributes!
Increase (S)trength, (I)ntelligence, or (D)exterity?
You feel stronger. x2
The gnoll barely misses you.
Items here: )) †††.
You closely miss the gnoll. The gnoll closely misses you.
You sock the gnoll!
The gnoll is heavily wounded.
The gnoll hits you with a +0 halberd!
* * * LOW HITPOINT WARNING * * *
The gnoll hits you with a +0 halberd.
You die...

#..#. .....# ##..#.
#..#.###...#.# #..##.
#.#........#....#####.###.
#.....................####
######...#.............###
##.g.#####...####....
##w.....#.#...###..#
#g####...###.###...
#.@..###........... #
####.####.......#..
....##....###...#...#
#.......###.#....##
######.......#.#...
###...#.......
#..##.###... ....##.# ###
...##.. .#


You could see a worm and 2 gnolls.

Vanquished Creatures
  A gnoll (D:2)
  5 ball pythons
  2 bats (D:1)
  An endoplasm (D:1)
  3 goblins
  A hobgoblin (D:1)
  A frilled lizard (D:1)
  4 kobolds (D:1)
  2 rats
20 creatures vanquished.

Notes
Turn   | Place    | Note
-------+----------+-------------------------------------------
     0 | D:1      | a3don the Gargoyle Fighter began the quest for the Orb.
     0 | D:1      | Reached XP level 1. HP: 14/14 MP: 1/1
   239 | D:1      | Reached XP level 2. HP: 18/19 MP: 2/2
   341 | D:1      | Found a faded altar of an unknown god.
   866 | D:2      | Reached XP level 3. HP: 11/24 MP: 3/3
   868 | D:2      | Slain by a gnoll

Illustrated notes

Levels and vault maps discovered:
D:1:      ebering_trefoil_twist, layout_basic,
          ebering_ecumenical_altar_sacrificial
D:2:      layout_rooms

Action                   || total
-------------------------++-------
Melee: Flail             ||    65
Armor: Scale mail        ||    46
Dodge: Dodged            ||    29
Block: Buckler           ||    18
